 Dungeon Crawl Stone Soup version 0.27.1-33-g824d729ab1 (webtiles) character file.

Game seed: 18125896943157413899

310 Radix the Cudgeller (level 6, -5/61 HPs)
             Began as a Troll Monk on Dec 31, 2021.
             Was a Follower of Yredelemnul.
             Slain by an orc (6 damage)
             ... on level 6 of the Dungeon.
             The game lasted 01:00:52 (4892 turns).

Radix the Cudgeller (Troll Monk)                    Turns: 4892, Time: 01:00:52

Health: -5/61      AC:  4    Str: 21    XL:     6   Next: 17%
Magic:  6/6        EV: 10    Int:  7    God:    Yredelemnul [*.....]
Gold:   101        SH:  0    Dex: 12    Spells: 5/5 levels left

rFire    . . .     SeeInvis .   a - +0 mace
rCold    . . .     Faith    .   (no shield)
rNeg     . . .     Spirit   .   b - +0 robe
rPois    .         Reflect  .   n - +0 hat
rElec    .         Harm     .   (no cloak)
rCorr    .         Rampage  .   (gloves unavailable)
Will     .....                  (boots unavailable)
Stlth    ++........             (no amulet)
HPRegen  1.20/turn              (no ring)
MPRegen  0.10/turn              (no ring)

@: lethally poisoned (-5 -> -5)
A: large, unfitting armour, claws 3, regeneration 1, shaggy fur 1, tough skin 1
a: Renounce Religion, Animate Remains


You were on level 6 of the Dungeon.
You worshipped Yredelemnul.
Yredelemnul was aware of your devotion.
You visited 1 branch of the dungeon, and saw 5 of its levels.

You collected 101 gold pieces.

Inventory:

Hand Weapons
 a - a +0 mace (weapon)
 h - a +0 whip
 k - a +0 flail
 m - a +2 vampiric halberd
 o - a +0 spear
 r - a +0 battleaxe
 s - a +0 quarterstaff
 x - a +0 arbalest
 A - the +6 rapier "Dragonslayer" {vorpal, Dex+8 Stlth+}
   (You found it on level 6 of the Dungeon)

   It inflicts extra damage upon your enemies.
   Dex:       It affects your dexterity (+8).
   Stlth:     It makes you more stealthy.
Missiles
 q - a throwing net
 z - 12 arrows
Armour
 b - a +0 robe (worn)
 i - a +0 barding
 j - a +0 ring mail
 n - a +0 hat (worn)
 t - a +0 pair of gloves
Scrolls
 c - a scroll of blinking {unknown}
 e - a scroll of summoning
 f - a scroll of enchant armour {unknown}
 g - 5 scrolls of identify {unknown}
 v - 2 scrolls of noise {unknown}
 w - a scroll of amnesia {unknown}
 y - a scroll of fear {unknown}
Potions
 d - 3 potions of heal wounds {unknown}
 l - 2 potions of flight {unknown}
 p - a potion of brilliance {unknown}
 u - 2 potions of curing {unknown}


   Skills:
 + Level 3.1 Fighting
 + Level 4.2 Maces & Flails
 + Level 3.5 Dodging
 + Level 1.6 Stealth
 - Level 1.8 Invocations


You had 5 spell levels left.
You didn't know any spells.
Your spell library was empty.

Dungeon Overview and Level Annotations

Branches:
Dungeon (4/15)
 Temple: D:4-7

Altars:
Yredelemnul


Innate Abilities, Weirdness & Mutations

You are too large for most types of armour.
You have claws for hands.
Your natural rate of healing is unusually fast.
You are covered in fur. (AC +1)
You have tough skin. (AC +1)


Message History

The magic dart hits you! The adder bites you. The adder bites you.
You are poisoned.
The adder poisons you!
You feel sick.
You feel sick.
You feel sick. The adder bites you.
You are more poisoned.
The adder poisons you!
You feel sick.
You feel sick. The adder bites you but does no damage.
You feel sick. The adder barely misses you.
You feel sick. The adder bites you.
* * * LOW HITPOINT WARNING * * *
You are more poisoned.
The adder poisons you!
You feel sick.
You feel sick.
You feel sick. The adder bites you.
* * * LOW HITPOINT WARNING * * *
You are more poisoned.
The adder poisons you!
You feel very sick.
You feel sick.
You feel sick. The adder bites you.
* * * LOW HITPOINT WARNING * * *
You are more poisoned.
The adder poisons you!
* * * LOW HITPOINT WARNING * * *
You feel very sick. The adder bites you but does no damage.
* * * LOW HITPOINT WARNING * * *
You feel sick.
Something unseen opens the door.
* * * LOW HITPOINT WARNING * * *
You feel sick. The adder barely misses you.
* * * LOW HITPOINT WARNING * * *
You feel sick. The orc hits you with a +0 trident.
You die...
Your body rises from the dead as a mindless zombie.

#... #... ..... #....#...
#....# .. #....#...
#....##.. #....#...
.......... #....#...
..........
#....###'####.........
#....##..S.##.........
#....#...{o@..........
#....#....o##.........
#....#.....##.....#+#
#....'.....#......#
#....##....+......#
#....##....#......#
#..........#......# .
#..........#......######..
#...o......#..............


You could see an adder and 2 orcs.

Vanquished Creatures
  2 bullfrog zombies (D:6)
  Natasha (D:4)
  An orc wizard (D:3)
  2 adders
  8 gnolls (D:3)
  An ufetubus (D:4)
  3 worms
  2 dart slugs (D:1)
  3 orcs (D:3)
  5 endoplasms
  4 giant cockroaches
  6 goblins
  8 hobgoblins
  2 jackals (D:3)
  3 quokkas
  7 ball pythons
  7 bats
  8 kobolds
  3 rats
  A bush (D:2)
77 creatures vanquished.

Vanquished Creatures (collateral kills)
  An adder (D:3)
  A white imp (D:3)
  A giant cockroach (D:3)
  A jackal (D:3)
  A ball python (D:2)
  A frilled lizard (D:2)
  A rat (D:3)
7 creatures vanquished.

Vanquished Creatures (others)
  3 gnoll zombies (D:3)
  A goblin zombie (D:3)
  An orc zombie (D:3)
  A quokka zombie (D:3)
6 creatures vanquished.

Grand Total: 90 creatures vanquished

Notes
Turn   | Place    | Note
-------+----------+-------------------------------------------
     0 | D:1      | Radix the Troll Monk began the quest for the Orb.
     0 | D:1      | Reached XP level 1. HP: 22/22 MP: 0/0
   231 | D:1      | Reached XP level 2. HP: 29/29 MP: 1/1
   290 | D:1      | Reached skill level 3 in Maces & Flails
   534 | D:1      | Found a faded altar of an unknown god.
   548 | D:1      | Became a worshipper of Yredelemnul the Dark
   548 | D:1      | Reached * piety under Yredelemnul
   548 | D:1      | Reached ** piety under Yredelemnul
   579 | D:1      | Reached XP level 3. HP: 34/36 MP: 2/2
  2154 | D:3      | Reached XP level 4. HP: 38/44 MP: 1/3
  2188 | D:3      | Reached skill level 1 in Invocations
  2512 | D:3      | Reached XP level 5. HP: 37/52 MP: 5/5
  3712 | D:3      | Reached skill level 4 in Maces & Flails
  4454 | D:4      | Noticed Natasha
  4465 | D:4      | Killed Natasha
  4645 | D:4      | You fall into a shaft and drop 2 floors!
  4668 | D:6      | Identified the +6 rapier "Dragonslayer" {vorpal, Dex+8
                  | Stlth+}
  4688 | D:6      | Reached XP level 6. HP: 49/61 MP: 6/6
  4848 | D:6      | Noticed an orc warrior
  4889 | D:6      | HP: 3/61 [poisoned by an adder]
  4891 | D:6      | HP: 1/61 [poisoned by an adder]
  4892 | D:6      | Slain by an orc

Illustrated notes

Levels and vault maps discovered:
D:1:      heliophobic_arrival_henge, layout_basic,
          hellmonk_ecumenical_altar_heavens_door
D:2:      layout_rooms, serial_forest, infiniplex_forest_straight_1,
          infiniplex_forest_clump_tiny, infiniplex_forest_straight_4,
          infiniplex_forest_straight_2, infiniplex_forest_lined_room_2,
          infiniplex_forest_straight_2, infiniplex_forest_3_way
D:3:      layout_loops_ring
D:4:      layout_gridville, uniq_natasha
D:6:      gammafunk_wand_slinger, layout_gridville, general_overflow_altar,
          temple_statues, minmay_misc_feat_rows, uniq_edmund

Skill      XL: |  1  2  3  4  5 |
---------------+----------------+-----
Maces & Flails | 3 4 |  4.2
Dodging        | 3 |  3.5
Invocations    | 1 |  1.8
Fighting       | 3 |  3.1
Stealth        | |  1.6

Action                   |  1- 3 |  4- 6 || total
-------------------------+-------+-------++-------
Melee: Mace              |   192 |   167 ||   359
Invok: Injury Mirror     |    10 |     6 ||    16
       Animate Remains   |     3 |    10 ||    13
       Recall Undead Sla |     3 |       ||     3
 Stab: Sleeping          |     3 |     2 ||     5
       Distracted        |       |     1 ||     1
Armor: Robe              |    50 |    76 ||   126
Dodge: Dodged            |    61 |   174 ||   235
